Map: Daybreak LE (Void)

Players

Bly - Winner!

  • Race: Zerg Zerg
  • League: Grandmaster
  • Spawn Location: 1:00

SolO

  • Race: Zerg Zerg
  • League: Grandmaster
  • Spawn Location: 7:00

Event: NationWars IV

VOD

Have the link to the VOD?

Description

Time

  • Played on: Dec. 22, 2016, 3:11 p.m.
  • Length: 8:10
Show
View Real Time Build Order
Export as new Build Order

Bly Zerg - Winner!

Build Orders: Hatch First 

Get SALT Encoding   

  12  0:01  Drone  
  13  0:13  Overlord  
  13  0:18  Drone  
  14  0:32  Drone x2  
  16  0:38  Drone  
  17  0:53  Hatchery  
  17  0:57  Drone  
  17  0:59  Drone  
  17  1:03  Extractor  
  17  1:15  Spawning Pool  
  17  1:18  Drone  
  17  1:21  Drone  
  18  1:30  Drone  
  19  1:40  Overlord  
  19  2:02  Zergling x4  
  19  2:03  Queen  
  19  2:04  Metabolic Boost  
  19  2:06  Queen  
  25  2:11  Drone  
  25  2:13  Drone  
  27  2:19  Drone  
  29  2:22  Drone  
  29  2:26  Drone  
  30  2:34  Drone  
  31  2:46  Hatchery  
  31  2:51  Overlord  
  30  2:57  Drone x2  
  32  3:04  Zergling x2  
  32  3:05  Zergling x2  
  34  3:13  Roach Warren  
  34  3:15  Zergling x6  
  35  3:21  Zergling x4  
  37  3:29  Drone x4  
  37  3:34  Overlord  
  40  3:37  Drone  
  41  3:50  Drone x3  
  44  3:56  Overlord  
  44  4:09  Roach  
  54  4:10  Roach x6  
  54  4:19  Queen  
  54  4:21  Extractor  
  55  4:25  Roach x3  
  61  4:37  Overlord  
  63  4:45  Roach  
  63  4:46  Roach  
  65  4:55  Overlord  
  65  5:02  Zergling x2  
  65  5:03  Zergling x14  
  72  5:14  Zergling x4  
  72  5:15  Zergling x8  
  72  5:18  Ravager  
  79  5:27  Zergling x4  
  81  5:34  Ravager  
  81  5:40  Zergling x2  
  81  5:41  Zergling x4  
  81  5:49  Overlord x4  
  80  6:03  Drone x5  
  81  6:10  Roach x8  
  97  6:19  Roach x3  
  101  6:39  Roach x6  
  104  6:47  Roach  
  104  6:48  Roach x4  
  105  7:00  Roach x5  
  112  7:05  Ravager  
  112  7:07  Zergling x2  
  114  7:09  Overlord x2  
  114  7:18  Overlord  
  114  7:25  Overlord  
  114  7:26  Overlord  
  114  7:29  Ravager  
  115  7:31  Ravager  
  115  7:32  Zergling x2  
  115  7:33  Zergling x12  
  120  7:46  Roach x3  
Show
View Real Time Build Order
Export as new Build Order

SolO Zerg 

Build Orders: Hatch First 

Get SALT Encoding   

  12  0:01  Drone  
  13  0:12  Overlord  
  13  0:18  Drone  
  14  0:30  Drone  
  14  0:31  Drone  
  14  0:35  Drone  
  17  0:54  Hatchery  
  17  0:56  Drone  
  17  1:00  Drone  
  18  1:10  Extractor  
  17  1:15  Spawning Pool  
  17  1:18  Drone  
  17  1:21  Drone  
  18  1:28  Drone  
  19  1:38  Overlord  
  19  2:01  Queen  
  19  2:02  Zergling x2  
  19  2:03  Drone  
  19  2:05  Queen  
  19  2:06  Drone  
  26  2:10  Metabolic Boost  
  26  2:14  Drone  
  27  2:18  Drone  
  27  2:22  Drone  
  29  2:29  Zergling x2  
  30  2:32  Baneling Nest  
  30  2:33  Zergling x2  
  30  2:40  Drone  
  31  2:45  Drone  
  31  2:49  Overlord  
  31  3:06  Drone x2, Hatchery  
  32  3:14  Drone x2  
  32  3:15  Drone  
  32  3:19  Drone x2  
  37  3:26  Baneling  
  37  3:33  Drone x3  
  40  3:34  Baneling  
  40  3:35  Overlord  
  40  3:37  Zergling x2  
  40  3:38  Zergling x2  
  42  3:51  Baneling x2  
  42  3:53  Zergling x4  
  44  3:55  Zergling x2  
  44  3:56  Zergling x10  
  50  4:09  Zergling x4  
  51  4:10  Baneling  
  51  4:21  Roach Warren  
  51  4:22  Drone x6  
  55  4:25  Extractor, Overlord x2  
  54  4:31  Queen  
  54  4:38  Baneling  
  56  4:51  Overlord x2, Drone  
  57  5:02  Roach  
  57  5:03  Roach x7  
  73  5:13  Roach  
  73  5:14  Roach x4  
  80  5:19  Roach  
  80  5:20  Roach  
  84  5:22  Zergling x6  
  87  5:29  Roach  
  87  5:30  Zergling x2  
  88  5:38  Zergling x4, Roach x2  
  88  5:42  Baneling  
  89  5:45  Overlord  
  89  5:51  Overlord  
  87  6:03  Overlord  
  84  6:04  Zergling x2  
  84  6:05  Zergling x8  
  84  6:06  Ravager  
  84  6:10  Zergling x2  
  84  6:11  Zergling x6  
  94  6:19  Zergling x8  
  94  6:20  Zergling x2  
  94  6:24  Overlord  
  99  6:32  Baneling x2  
  92  6:45  Zergling x2  
  92  6:46  Zergling x14  
  81  6:57  Queen  
  77  7:03  Roach x3  
  77  7:04  Roach  
  85  7:10  Zergling x4  
  85  7:12  Ravager x2  
  89  7:17  Hatchery  
  89  7:19  Zergling x6  
  89  7:20  Zergling x2  
  92  7:28  Baneling  
  92  7:32  Zergling x6  
  92  7:33  Zergling x2  
  84  7:49  Roach x4  
Tags
 
Add a new tag
Caveats
  • Supply blocks, unpowered buildings, or Contaminate may cause inaccurate times.
  • Supply counts are checked every 10 seconds.